← All builds
Tech / Armada / Economy first / OBSERVED BUILD

Standard tech

Armada Tech (Eco) build order · Supreme Isthmus

Rushes T2 by 4:15, gets Advanced Metal Extractor around 5:28, hands off T2 constructors to Geo and the team, then scales eco and supplies the team's T2 needs through the rest of the game.

Usually first T2 con to Geo (83%)

#eco #t2 #team support · 1574 distinct matches · 255 players · 58% of Armada Tech games · team won 53% of 1868 · Recently observed

HOW TO PLAY IT

Key timing: T2 factory by 4:15

  1. Open 3 mex and heavy wind to fund a fast T2 rush.
  2. Put down Bot Lab, planning to eat it for reclaim soon after.
  3. Get Advanced Bot Lab up, hitting the T2 factory rush timing.
  4. Upgrade mex to Advanced Metal Extractor to lock in team metal income.
  5. Eat Advanced Bot Lab and keep sending cons to Geo and Pond.

Phase by phase

TYPICAL OF ITS 1574 GAMES
  1. 1
  2. 2
  3. 3
  4. 4
PLAY THE OPENING

Follow the example game's first 6:00 step by step: what to build now, what comes next, and where it goes. At 1× it keeps pace with your own game.

  1. 1

    Up to the Bot Lab

    Economy
    • Metal Extractor3Mex
    • Wind Turbine4Wind
    Order
    1. Bot LabBot Lab after 3 mex, 4 winddone ~1:18, middle half 1:13–1:32

    Some games also: energy storage (31%)

    By 1:01 in all: 3 mex · 4 wind

    The example game in this phase · 5 steps
    1. Mex ×3
    2. Wind ×2
    3. Energy storage
    4. Wind ×3
    5. Bot LabBot Labdone 1:38 · typical 1:18
  2. 2

    Bot Lab to Advanced Bot Lab

    Economy
    • Metal Extractor1Mex
    • Wind Turbine8Wind
    • Energy Storage1Energy storage
    Order
    1. Advanced Bot LabAdvanced Bot Lab after 4 mex, 12 wind, 3 con turretdone ~4:16, middle half 4:04–4:30
    Builders
    • Construction Turret3 Con turret
    • Lazarus3 Lazarus
    • Construction Bot2 Con bot
    • Construction Bot1 Con bot for allies

    Some games also: converter (36%)

    By 3:18 in all: 4 mex · 12 wind · 1 energy storage · 3 con turret

    The example game in this phase · 18 steps
    1. Construction BotCon bot
    2. LazarusLazarus
    3. Construction BotCon botfor Air
    4. LazarusLazarus
    5. Con turret
    6. Mex
    7. Construction BotCon bot
    8. Con turret
    9. Wind ×3
    10. Con turret
    11. Wind
    12. Converter
    13. Wind ×3
    14. Energy storage
    15. Converter
    16. Wind ×4
    17. Converter
    18. Advanced Bot LabAdvanced Bot Labdone 4:21 · typical 4:16
  3. 3

    Advanced Bot Lab to 5:00

    Economy
    • Wind Turbine3Wind
    Order
    1. Bot LabEat Bot Lab
    Builders
    • Advanced Construction Bot1 T2 con bot for allies

    Some games also: converter (35%)

    By 5:00 in all: 4 mex · 15 wind · 1 converter · 1 energy storage · 3 con turret

    The example game in this phase · 3 steps
    1. Bot LabEat Bot Labreclaimed for its metal
    2. Advanced Construction BotT2 con botfor Geo
    3. Advanced Metal ExtractorT2 mex ×2done 4:58 · typical 5:29
  4. 4

    5:00 to 10:00

    Economy
    • Wind Turbine43Wind
    • Energy Converter6Converter
    Builders
    • Butler9 Butler
    • Advanced Construction Bot4 T2 con bot for allies
    • Advanced Construction Bot1 T2 con bot

    Some games also: con turret (43%) · Butler for allies (37%)

    By 10:00 in all: 4 mex · 58 wind · 8 converter · 1 energy storage · 3 con turret

    The example game in this phase · 169 steps
    1. Advanced Construction BotT2 con botfor Air
    2. Advanced Metal ExtractorT2 mex ×2
    3. ButlerButler ×3
    4. Wind ×4
    5. ButlerButler
    6. Wind ×4
    7. Advanced Construction BotT2 con botfor Geo sea
    8. Wind ×8
    9. Converter
    10. Advanced Construction BotT2 con botfor Pond
    11. Wind ×5
    12. Converter
    13. Wind ×2
    14. ButlerButler
    15. Wind ×5
    16. Converter
    17. ButlerButler
    18. Wind ×4
    19. ButlerButler
    20. Wind ×4
    21. Converter
    22. ButlerButler
    23. Wind ×2
    24. ButlerButler
    25. Wind ×4
    26. Converter
    27. ButlerButler
    28. Wind ×2
    29. Advanced Construction BotT2 con bot
    30. Wind
    31. UmbrellaAnti-nukedone 9:05
    32. Wind ×2
    33. Converter
    34. Wind ×14
    35. Advanced Construction BotT2 con bot
    36. Converter
    37. Wind ×8
    38. Converter
    39. Wind ×5
    40. Converter
    41. Wind ×6
    42. Converter
    43. Wind ×7
    44. Converter
    45. Wind ×5
    46. Con turret
    47. Wind ×10
    48. Con turret
    49. Wind ×2
    50. Converter
    51. Wind ×4
    52. Converter
    53. ButlerButler
    54. Con turret
    55. Wind ×2
    56. Converter
    57. Wind ×2
    58. ButlerButler
    59. Wind
    60. Con turret
    61. Wind ×2
    62. Converter
    63. ButlerButler
    64. Wind ×3
    65. ButlerButler
    66. Converter
    67. Con turret
    68. Wind ×2
    69. ButlerButler
    70. Con turret
    71. Wind
    72. Converter
    73. Wind
    74. ButlerButler
    75. Con turret
    76. Wind ×2
    77. Converter
    78. Con turret
    79. ButlerButler
    80. Wind ×2
    81. ButlerButler
    82. Con turret
    83. Wind ×3
    84. Converter
    85. Wind
    86. Con turret
    87. Wind
    88. ButlerButler
    89. Wind ×2
    90. Converter
    91. Wind ×5
    92. Converter
    93. Wind ×3
    94. ButlerButler
    95. Wind ×5
    96. Converter
    97. Con turret
    98. Wind ×9
    99. Converter
    100. Wind ×5
    101. Converter
    102. Aircraft PlantAircraft Plantdone 12:00
    103. Wind ×10
    104. Advanced Bot LabEat Advanced Bot Labreclaimed for its metal
    105. Converter
    106. Wind ×2
    107. FalconFighter
    108. Wind ×3
    109. StormbringerBomberfor Air
    110. Wind
    111. StormbringerBomberfor Air
    112. Wind ×4
    113. StormbringerBomberfor Air
    114. Converter
    115. Wind
    116. StormbringerBomberfor Air
    117. Wind ×4
    118. StormbringerBomber ×2for Air
    119. Wind ×3
    120. Converter
    121. Wind ×2
    122. StormbringerBomber ×2for Air
    123. Wind ×5
    124. StormbringerBomber ×2for Air
    125. Wind
    126. Converter
    127. Wind ×2
    128. StormbringerBomberfor Air
    129. Wind ×2
    130. StormbringerBomberfor Air
    131. Wind ×3
    132. StormbringerBomberfor Air
    133. Wind ×2
    134. StormbringerBomberfor Air
    135. Wind ×5
    136. StormbringerBomberfor Air
    137. Wind ×6
    138. StormbringerBomberfor Air
    139. Wind ×9
    140. StormbringerBomberfor Air
    141. Wind ×10
    142. StormbringerBomberfor Air
    143. Wind ×10
    144. StormbringerBomber
    145. Wind ×6
    146. Aircraft PlantEat Aircraft Plantreclaimed for its metal
    147. Wind ×5
    148. T2 converter
    149. Wind ×25
    150. Aircraft PlantAircraft Plantdone 13:45
    151. Wind ×14
    152. FalconFighter
    153. Wind ×5
    154. FalconFighter
    155. Wind ×7
    156. FalconFighter
    157. Wind ×8
    158. FalconFighter ×2
    159. Wind ×5
    160. FalconFighter
    161. Wind ×8
    162. ChainsawChainsaw
    163. Wind
    164. FalconFighter
    165. Wind ×13
    166. FalconFighter
    167. Wind ×16
    168. FalconFighter
    169. Wind ×24

Counts are medians over the build's games: half of them build more, half fewer. The example game is VanillaChan's (32 OS, 10/09/2026); pick another.

Team trades

IN AT LEAST 30% OF ITS GAMES

You hand over

  • Construction Bot1 Con bot to Airfirst at 2:24 · in 84% of games
  • Advanced Construction Bot5 T2 con bot to Air or Geo sea or Pondfirst at 4:50 · in 99% of games
  • Butler2 Butler to Geo sea or Beach sea or Pondfirst at 9:07 · in 42% of games

You get

  • Hercules1 Light transport from Airfirst at 4:01 · in 86% of games

How it plays out

Typical game of this build, running totals by minute

Metal produced

020k40k
0:005:0010:0015:00

metal

Enemy metal destroyed

050100
0:005:0010:0015:00

metal

Own metal lost

050100150
0:005:0010:0015:00

metal

1868 games.

Show as table
ByMetal produced: This buildEnemy metal destroyed: This buildOwn metal lost: This build
1:0038300
2:0091500
3:00165100
4:00314300
5:00484800
6:00580000
7:00722700
8:00906100
9:001116900
10:001350200
11:001623900
12:001965200
13:002344100
14:0027357074
15:003153885130
WHAT THE NUMBERS SAY

Standard Tech play barely fights at all early, instead pouring metal into T2 infrastructure and constructors for the team.

  • + Metal produced hits 31679 by 15:00, by far the highest of any role here.
  • + T2 factory reached in 97% of games by 4:15, fastest and most reliable T2 timing.
  • − Enemy metal destroyed stays at 0 through 10:00, no early offense at all.
  • − Own metal lost also near 0, showing total avoidance of combat risk.
THE EXAMPLE YOU ARE READING

VanillaChan

32.5 OS · 10/09/2026

Open source match ↗

1 received units
1657 metal received · 77606 energy received

Allied construction assistance is unknown. Timings are observations, not a promise of solo reproducibility.

Typical milestones

Bot Lab1:18Middle 50%: 1:13–1:32 · n=1868
Advanced Bot Lab4:16Middle 50%: 4:04–4:30 · n=1861
Advanced Metal Extractor5:29Middle 50%: 5:06–5:59 · n=1864

Played most by

Amrissa93games of this buildTheGeneraI66games of this buildAdeus57games of this buildEl_Turco56games of this buildKOT_43games of this build